 Dungeon Crawl Stone Soup version 0.19.0-2-gae57169 (webtiles) character file.

340 JeffiDaFish the Shield-Bearer (level 6, 0/38 HPs)
             Began as a Gargoyle Fighter on Nov 6, 2016.
             Slain by an ogre
             ... wielding a +0 giant spiked club
              (14 damage)
             ... on level 4 of the Dungeon.
             The game lasted 00:08:56 (3513 turns).

JeffiDaFish the Shield-Bearer (Gargoyle Fighter)    Turns: 3513, Time: 00:08:57

Health: 0/38       AC: 17    Str: 19 (22) XL:     6   Next: 56%
Magic:  6/6        EV:  5    Int:  5 (8)  God:
Gold:   206        SH:  9    Dex:  8 (9)  Spells: 0 memorised, 5 levels left

rFire  . . .     SeeInvis .     a - +0 flail
rCold  . . .     Gourm    .     e - +0 chain mail
rNeg   + + .     Faith    .     c - +0 shield
rPois  ∞         Spirit   .     (no helmet)
rElec  +         Reflect  .     h - +2 cloak
rCorr  .         Harm     .     (no gloves)
MR     .....                    (no boots)
Stlth  ..........               (no amulet)
                                (no ring)
                                k - ring of positive energy

@: no status effects
A: negative energy resistance 1, electricity resistance, unbreathing,
petrification resistance, rot immunity, AC +4
a: no special abilities


You were on level 4 of the Dungeon.
You were not hungry.

You visited 1 branch of the dungeon, and saw 4 of its levels.
You also visited: Sewer.

You collected 206 gold pieces.

Inventory:

Hand Weapons
 a - a +0 flail (weapon)
Armour
 c - a +0 shield (worn)
 e - a +0 chain mail (worn)
 h - a +2 cloak (worn)
Jewellery
 k - a ring of positive energy (left hand)
Scrolls
 g - a scroll of identify
 i - 3 scrolls of blinking
 j - 4 scrolls of remove curse
 m - 3 scrolls of teleportation
Potions
 d - 2 potions of might
 o - 3 potions of invisibility
Comestibles
 b - 2 meat rations
 f - 2 bread rations


   Skills:
 + Level 4.2 Fighting
 + Level 4.2 Maces & Flails
 + Level 4.1 Armour
 + Level 0.7 Dodging
 + Level 0.2 Stealth
 + Level 5.1 Shields


You had 5 spell levels left.
You didn't know any spells.

Dungeon Overview and Level Annotations

Branches:
Dungeon (4/15)
 Temple: D:4-7

Altars:


Innate Abilities, Weirdness & Mutations

You are resistant to torment.
Your stone body is resilient. (AC +4)
You are immune to poison.
You resist negative energy. (rN+)
You are resistant to electric shocks. (rElec)
You can survive without breathing.
You are immune to petrification.
You are immune to rotting.


Message History

You sock the adder!
You kill the adder!
Your shield and chain mail prevent you from hitting the ogre.
The ogre barely misses you.
You hit the ogre.
The ogre is lightly wounded.
The ogre hits you with a giant spiked club!
You sock the ogre!
The ogre is moderately wounded.
You block the ogre's attack.
You hit the ogre.
The ogre is heavily wounded.
You block the ogre's attack.
You thump the ogre!
The ogre is almost dead.
The ogre hits you with a giant spiked club!
You hit the ogre.
The ogre is almost dead.
The ogre hits you with a giant spiked club!
You die...

#.# #.# #######.# #.....#.##
#######.###....#### #.......#
#.......#####
#..###..###...........# ##..#
#......#.#.#.###.### #...#
#.######@#.#.......# #..####.#
#O#.#####.#.# #.......#
#'#..(....#.# #.#######
#...########.# #.# #.....# #.#
#.# ## #.......# ##.##
###.#...## #.........####...##
...........+.........+.......##
#.#......###.........####..>..#


You could see an ogre.

Vanquished Creatures
  Purgy (Sewer)
  An ogre (D:3)
  A worker ant (D:4)
  A hound skeleton (D:4)
  4 adders
  2 oozes
  3 worms
  2 dart slugs (D:2)
  3 leopard geckos
  An orc (D:3)
  5 giant cockroaches
  5 goblins
  7 hobgoblins
  7 jackals (D:1)
  2 quokkas
  A ball python (D:4)
  8 bats
  4 frilled lizards
  11 kobolds
  6 rats
75 creatures vanquished.

Notes
Turn   | Place    | Note
-------+----------+-------------------------------------------
     0 | D:1      | JeffiDaFish the Gargoyle Fighter began the quest for the Orb.
     0 | D:1      | Reached XP level 1. HP: 14/14 MP: 1/1
   141 | D:1      | Reached XP level 2. HP: 13/19 MP: 2/2
   965 | D:1      | Reached XP level 3. HP: 20/23 MP: 3/3
  1416 | D:2      | Reached skill level 4 in Shields
  1653 | D:2      | Reached XP level 4. HP: 27/28 MP: 4/4
  2099 | D:3      | Noticed an ogre
  2102 | D:3      | Killed an ogre
  2102 | D:3      | Reached XP level 5. HP: 33/33 MP: 5/5
  2765 | D:4      | Found a glowing drain.
  2808 | Sewer    | Entered a sewer
  2877 | Sewer    | Noticed Purgy
  2910 | Sewer    | Killed Purgy
  2910 | Sewer    | Reached skill level 5 in Shields
  2910 | Sewer    | Reached XP level 6. HP: 17/38 MP: 6/6
  3115 | Sewer    | Noticed Nathiuz's ghost (amateur HuFi)
  3513 | D:4      | Slain by an ogre

Skill      XL: |  1  2  3  4  5 |
---------------+----------------+-----
Shields        | 4 5 |  5.1
Maces & Flails | 3 4 |  4.2
Armour         | 4 |  4.1
Fighting       | 4 |  4.2
Dodging        | |  0.7
Stealth        | |  0.2

Action                   |  1- 3 |  4- 6 || total
-------------------------+-------+-------++-------
Melee: Flail             |   203 |   223 ||   426
  Use: Scroll            |     4 |     3 ||     7
       Potion            |     2 |     3 ||     5
  Eat: Chunk             |     3 |     7 ||    10
Armor: Chain mail        |   179 |   167 ||   346
Dodge: Dodged            |    54 |    57 ||   111
Block: Shield            |   144 |   135 ||   279
